 Dungeon Crawl Stone Soup version 0.29-a0-330-g52719c12eb (webtiles) character file.

Game seed: 13839939526866549421

4948 kae the Arsonist (level 10, -4/83 HPs)
             Began as a Demigod Fire Elementalist on Apr 21, 2022.
             Slain by a cyclops (22 damage)
             ... on level 10 of the Dungeon.
             The game lasted 00:07:02 (9910 turns).

kae the Arsonist (Demigod Fire Elementalist)        Turns: 9910, Time: 00:07:02

Health: -4/83      AC:  8    Str: 12    XL:     10   Next: 7%
Magic:  0/22       EV: 11    Int: 29    God:
Gold:   602        SH:  4    Dex: 14    Spells: 7/20 levels left

rFire   + . .      SeeInvis .   j - +1 trident (venom)
rCold   + . .      Faith    .   m - +0 buckler
rNeg    . . .      Spirit   .   A - +0 steam dragon scales
rPois   +          Reflect  .   q - +2 hat {Stlth+}
rElec   .          Harm     .   (no cloak)
rCorr   .          Rampage  .   (no gloves)
Will    +....                   p - +0 pair of boots
Stlth   +++.......              w - amulet of magic regeneration
HPRegen 0.23/turn               r - ring "Duyluceq" {rPois rF+ rC+ Str+3}
MPRegen 0.58/turn               (no ring)

@: invisible
A: high MP 1, forlorn, divine attributes
a: no special abilities


You were on level 10 of the Dungeon.
You visited 1 branch of the dungeon, and saw 9 of its levels.

You collected 602 gold pieces.

Inventory:

Hand Weapons
 c - a +0 short sword
 j - a +1 trident of venom (weapon)
Armour
 a - a +0 robe
 m - a +0 buckler (worn)
 p - a +0 pair of boots (worn)
 q - a +2 hat of stealth (worn)
 A - +0 steam dragon scales (worn)
Jewellery
 n - an amulet of reflection
 r - the ring "Duyluceq" (left hand) {rPois rF+ rC+ Str+3}
   (You found it on level 4 of the Dungeon)

   [ring of protection from fire]

   Str:       It affects your strength (+3).
   rF:        It protects you from fire.
   rC:        It protects you from cold.
   rPois:     It protects you from poison.
 t - an amulet of the acrobat
 w - an amulet of magic regeneration (around neck)
 y - an amulet of guardian spirit
 C - a ring of protection from fire
Wands
 k - a wand of paralysis (12)
 v - a wand of polymorph (13)
 B - a wand of iceblast (5)
Scrolls
 e - 2 scrolls of torment {unknown}
 x - 2 scrolls of magic mapping
 D - a scroll of vulnerability {unknown}
 E - a scroll of enchant armour {unknown}
Potions
 b - 2 potions of magic
 d - 2 potions of might
 g - a potion of resistance {unknown}
 h - a potion of haste {unknown}
 i - 3 potions of flight {unknown}
 l - 2 potions of mutation {unknown}
 o - 2 potions of lignification {unknown}
 s - a potion of brilliance {unknown}
 u - 2 potions of degeneration {unknown}
 z - a potion of curing


   Skills:
 + Level 6.0 Fighting
 - Level 1.7 Dodging
 - Level 1.7 Stealth
 - Level 1.0 Shields
 + Level 5.9 Spellcasting
 + Level 6.1 Conjurations
 * Level 9.3 Fire Magic


You had 7 spell levels left.
You knew the following spells:

 Your Spells              Type           Power      Damage    Failure   Level
a - Foxfire               Conj/Fire      100%       2x1d9     1%          1
b - Scorch                Fire           100%       2d10      1%          2
c - Conjure Flame         Conj/Fire      52%        6-21      1%          3
d - Inner Flame           Hex/Fire       35%        N/A       3%          3
e - Flame Wave            Conj/Fire      52%        2d11      3%          4

Your spell library contained the following spells:

 Spells                   Type           Power      Damage    Failure   Level
 Sticky Flame             Conj/Fire      52%        2d7       3%          4
 Ignite Poison            Fire/Tmut/Pois 26%        N/A       6%          3
 Slow                     Hex            32%        N/A       8%          1
 Corpse Rot               Necr/Air       16%        N/A       12%         2
 Confusing Touch          Hex            8%         N/A       24%         3
 Vampiric Draining        Necr           8%         2d6       24%         3
 Dispel Undead            Necr           8%         3d8       61%         4
 Summon Lightning Spire   Summ/Air       8%         N/A       61%         4
 Death Channel            Necr           4%         N/A       100%        6
 Storm Form               Tmut/Air       4%         N/A       100%        7
 Maxwell's Capacitive Co  Air            4%         ∞         100%        8


Dungeon Overview and Level Annotations

Branches:
Dungeon (10/15)            Temple (0/1) D:5
   Lair: D:8-11         Orc: D:9-12

Shops:
D:3 [=(:

Annotations:
D:1 2 transporters
D:7 exclusion: crimson imp
D:8 Psyche
D:10 exclusions: cyclops and two-headed ogre


Innate Abilities, Weirdness & Mutations

You have an increased reservoir of magic. (+10% MP)
You shall have no god before yourself.
Your divine heritage dramatically boosts your attributes as you level up.


Message History

You block the large rock.
Casting: Flame Wave (dangerous; 3% risk of failure)
Confirm with . or Enter, or press ? or * to list all spells.
Flames lash the steam dragon.
The steam dragon is severely wounded.
The steam dragon's fire resistance burns away.
The steam dragon misses you. The steam dragon barely misses you.
The steam dragon bites you.
* * * LOW HITPOINT WARNING * * *
The steam dragon closely misses you.
You feel better. The steam dragon breathes steam at you.
The ball of steam hits you. You resist.
* * * LOW HITPOINT WARNING * * *
Casting: Scorch (safe; 1% risk of failure)
Confirm with . or Enter, or press ? or * to list all spells.
Flames lash the cyclops.
The cyclops is moderately wounded.
The cyclops's fire resistance burns away.
The steam dragon misses you. The steam dragon barely misses you.
The steam dragon barely misses you. The steam dragon claws you.
* * * LOW HITPOINT WARNING * * *
The cyclops throws a large rock.
You block the large rock.
Casting: Scorch (safe; 1% risk of failure)
Confirm with . or Enter, or press ? or * to list all spells.
Casting: Flame Wave (dangerous; 3% risk of failure)
Press: ? - help, Dir - look around, f - activate A wave of flame ripples out!
The flame wave engulfs the cyclops.
The cyclops is burned terribly!
The cyclops is heavily wounded.
The flame wave engulfs the steam dragon!
The steam dragon is burned terribly!
You kill the steam dragon! (Press . to intensify the flame waves.)
A wave of flame ripples out!
The flame wave engulfs the cyclops!!
The cyclops is burned terribly!
The cyclops is severely wounded.
You hear two shouts!
The cyclops hits you!!
You die...

............#
..........!.###
...............
........)......
.............
..)......## #.
####))†.....# ...
#.@C§[......#
....###§.##....####
....§..§#####..#..###
....§.......†.......##
.....................
........................
..................##....
.........#.##...........
#........###....#.......


You could see a cyclops (can't see you, combustible).

Vanquished Creatures
  Erica (D:8)
  Joseph (D:8)
  6 yaks (D:10)
  3 steam dragons
  An acid dragon (D:10)
  2 water moccasins
  An orc warrior (D:8)
  2 ogres (D:5)
  2 black bears
  A centaur (D:10)
  A phantom (D:4)
  3 kobold brigands
  2 bullfrogs
  A necrophage (D:7)
  2 scorpions
  2 howler monkeys (D:10)
  An electric eel (D:6)
  3 jellies
  5 hounds
  2 orc priests
  2 gnoll shamans
  An iguana (D:6)
  Natasha (thrice) (D:2)
  6 orc wizards
  7 adders
  7 gnolls
  3 shadow imps
  3 white imps
  2 ufetubi
  3 worms
  A dart slug (D:3)
  26 orcs
  4 ball pythons
  5 bats
  7 endoplasms
  8 goblins
  5 hobgoblins
  10 jackals
  2 quokkas (D:1)
  4 frilled lizards
  25 kobolds
  4 rats
180 creatures vanquished.

Vanquished Creatures (others)
  A two-headed ogre (D:10)
  A gnoll (D:8)
  490 foxfires
492 creatures vanquished.

Grand Total: 672 creatures vanquished

Notes
Turn   | Place    | Note
-------+----------+-------------------------------------------
     0 | D:1      | kae the Demigod Fire Elementalist began the quest for the
                  | Orb.
     0 | D:1      | Reached XP level 1. HP: 14/14 MP: 5/5
   269 | D:1      | Reached skill level 1 in Conjurations
   557 | D:1      | Reached XP level 2. HP: 17/22 MP: 5/7
   560 | D:1      | Learned a level 2 spell: Scorch
   650 | D:1      | Reached skill level 3 in Fire Magic
  1433 | D:2      | Reached XP level 3. HP: 27/27 MP: 5/8
  1540 | D:2      | Reached skill level 1 in Fighting
  1544 | D:2      | Learned a level 3 spell: Conjure Flame
  1637 | D:2      | Noticed Natasha
  1646 | D:2      | Killed Natasha
  2086 | D:2      | Reached XP level 4. HP: 35/35 MP: 7/10
  2215 | D:2      | Noticed Natasha
  2221 | D:2      | Killed Natasha
  2222 | D:2      | Reached skill level 1 in Shields
  2236 | D:2      | Noticed Natasha
  2241 | D:2      | Killed Natasha
  2648 | D:3      | Found Vufelis's Jewellery Shop.
  2654 | D:3      | Found Tuosuda's Armour Boutique.
  2995 | D:3      | Reached skill level 4 in Fire Magic
  3009 | D:3      | Reached XP level 5. HP: 40/40 MP: 6/11
  3170 | D:3      | Found Athrent Zuwk's Book Shoppe.
  3435 | D:3      | Found Cibo Teg's Antique Weapon Emporium.
  4178 | D:4      | Identified the ring "Duyluceq" {rPois rF+ rC+ Str+3}
  4382 | D:4      | Found the +3 pair of seven-league boots {Rampage+∞}
  4414 | D:4      | Reached XP level 6. HP: 42/48 MP: 4/13
  5198 | D:5      | Entered Level 5 of the Dungeon
  5284 | D:5      | Found a staircase to the Ecumenical Temple.
  5319 | D:5      | Reached skill level 5 in Fire Magic
  5375 | D:5      | Reached XP level 7. HP: 48/56 MP: 5/15
  6002 | D:5      | Reached skill level 6 in Fire Magic
  6690 | D:6      | Reached XP level 8. HP: 38/66 MP: 10/17
  7386 | D:6      | Reached skill level 7 in Fire Magic
  8658 | D:8      | Noticed Erica
  8666 | D:7      | Learned a level 3 spell: Inner Flame
  8671 | D:7      | Learned a level 4 spell: Flame Wave
  8895 | D:8      | Killed Erica
  8896 | D:8      | Reached skill level 5 in Fighting
  8896 | D:8      | Reached skill level 5 in Spellcasting
  8896 | D:8      | Reached skill level 5 in Conjurations
  8896 | D:8      | Reached skill level 8 in Fire Magic
  8896 | D:8      | Reached XP level 9. HP: 46/74 MP: 7/20
  9127 | D:8      | Noticed Psyche
  9150 | D:8      | Noticed Joseph
  9239 | D:8      | Paralysed by Joseph for 2 turns
  9253 | D:8      | Killed Joseph
  9693 | D:8      | You fall into a shaft and drop 2 floors!
  9693 | D:10     | Entered Level 10 of the Dungeon
  9693 | D:10     | Noticed a two-headed ogre
  9703 | D:10     | Killed a two-headed ogre
  9841 | D:10     | Noticed a cyclops
  9846 | D:10     | Noticed a two-headed ogre
  9893 | D:10     | Reached skill level 9 in Fire Magic
  9899 | D:10     | Reached XP level 10. HP: 6/83 MP: 2/22
  9910 | D:10     | Slain by a cyclops

Illustrated notes

Levels and vault maps discovered:
D:1:      spicycebolla_arrival_teleporter_tutorial, layout_basic,
          hellmonk_ecumenical_altar_blasted, minmay_unequal
D:2:      layout_basic, uniq_natasha
D:3:      layout_basic, marbit_many_paths, serial_shops, shop, shop,
          shop_fountains, nicolae_square_shop, serial_park_tiny_pond
D:4:      layout_basic, lemuel_tele_altar, roderic_lattice_a
D:5:      layout_basic, tso_oasis_becter, minmay_temple_entry_crystal_x
D:6:      layout_gridville, grunt_temple_overflow_bloody_war, fountainhead
D:7:      layout_cave_pods, minmay_fire_ice_demons
D:8:      layout_rooms, mainiacjoe_overflow_small_starburst,
          amcnicky_altar_gilded, minmay_puff, uniq_erica, uniq_psyche,
          uniq_joseph
D:10:     layout_cave_pools, special_room [special_room_kobold], serial_shops,
          shop

Skill      XL: |  1  2  3  4  5  6  7  8  9 |
---------------+----------------------------+-----
Conjurations   | 1 2 3 5 6 |  6.1
Fire Magic     | 3 4 5 6 8 9 |  9.3
Spellcasting   | 2 3 4 5 |  5.9
Fighting       | 1 2 3 5 6 |  6.0
Shields        | 1 |  1.0
Dodging        | |  1.7
Stealth        | |  1.7

Action                   |  1- 3 |  4- 6 |  7- 9 | 10-12 || total
-------------------------+-------+-------+-------+-------++-------
Melee: Short sword       |    33 |     3 |       |       ||    36
       Trident           |       |    26 |    23 |       ||    49
 Cast: Foxfire           |    66 |    94 |   130 |       ||   290
       Scorch            |     7 |    18 |    51 |     2 ||    78
       Conjure Flame     |       |     1 |     4 |       ||     5
       Flame Wave        |       |       |    12 |     1 ||    13
Evoke: Wand              |       |     2 |       |       ||     2
  Use: Potion            |     1 |       |     5 |     3 ||     9
       Scroll            |       |     4 |     4 |       ||     8
Armor: Robe              |     9 |    16 |    11 |       ||    36
       Steam dragon scal |       |       |    29 |     1 ||    30
Dodge: Dodged            |    38 |    27 |   102 |     7 ||   174
Block: Buckler           |     5 |     7 |    36 |     2 ||    50

Table legend: (Time is in decaauts)
 A = Elapsed time spent in this place.
 B = Non-inter-level travel time spent in this place.
 C = Inter-level travel time spent in this place.
 D = Time resting spent in this place.
 E = Time spent auto-exploring this place.
 F = Levels seen in this place.
 G = Mean time per level.
                   A        B        C        D        E       F      G
               +--------+--------+--------+--------+--------+-----+--------+
         Total |   9942 |   9671 |    271 |    770 |   7501 |   9 | 1104.7 |
       Dungeon |   9942 |   9671 |    271 |    770 |   7501 |   9 | 1104.7 |
               +--------+--------+--------+--------+--------+-----+--------+

Top non-repeatable levels by time:
     D:2: 1410 daAuts
     D:4: 1316 daAuts
     D:6: 1307 daAuts
     D:3: 1289 daAuts
     D:1: 1195 daAuts
     D:5: 1187 daAuts
     D:7: 1177 daAuts
     D:8: 841 daAuts
    D:10: 217 daAuts
